 Dungeon Crawl Stone Soup version 0.24.0-41-g2ae2f7f1be (console) character file.

Game seed: 6661201621693420738, levelgen mode: deterministic

1334 bli the Slasher (level 8, -12/68 HPs)
             Began as a Green Draconian Monk on Dec 15, 2019.
             Was a Believer of Makhleb.
             Mangled by Duvessa
             ... wielding a +0 short sword
              (16 damage)
             ... on level 5 of the Dungeon.
             The game lasted 00:15:57 (5700 turns).

bli the Slasher (Green Draconian Monk)              Turns: 5700, Time: 00:15:58

Health: -12/68     AC:  6    Str: 14    XL:     8   Next: 35%
Magic:  9/9        EV: 16    Int: 10    God:    Makhleb [**....]
Gold:   157        SH:  0    Dex: 16    Spells: 7/7 levels left

rFire    + . .     SeeInvis .   a - +0 falchion
rCold    x . .     Gourm    .   (no shield)
rNeg     . . .     Faith    .   (armour unavailable)
rPois    +         Spirit   .   f - +0 hat
rElec    .         Reflect  .   (no cloak)
rCorr    .         Harm     .   (no gloves)
MR       .....                  (no boots)
Stlth    +++.......             (no amulet)
HPRegen  0.21/turn              g - ring of fire
MPRegen  0.11/turn              (no ring)

@: short of breath
A: breathe noxious fumes, unfitting armour, poison resistance, cold-blooded, AC
+6
a: Breathe Noxious Fumes, Minor Destruction, Renounce Religion


You were on level 5 of the Dungeon.
You worshipped Makhleb.
Makhleb was pleased with you.
You were not hungry.

You visited 2 branches of the dungeon, and saw 6 of its levels.

You collected 157 gold pieces.

Inventory:

Hand Weapons
 a - a +0 falchion (weapon)
 d - a +1 dagger of freezing
 s - a +2 dagger of freezing
Missiles
 j - 45 sling bullets
 l - 163 stones (quivered)
 q - a throwing net
 w - 4 boomerangs
Armour
 f - a +0 hat (worn)
Jewellery
 g - a ring of fire (left hand)
Wands
 v - a wand of iceblast (11)
 y - a wand of paralysis (7)
 A - a wand of scattershot (3)
Scrolls
 c - a scroll of enchant weapon {unknown}
 e - 2 scrolls of remove curse
 h - a scroll of blinking
 n - 7 scrolls of identify {unknown}
 o - 2 scrolls of magic mapping {unknown}
 r - a scroll of teleportation {unknown}
 x - a scroll of fear {unknown}
 z - a scroll of immolation
Potions
 i - 2 potions of curing {unknown}
 k - 2 potions of heal wounds
 m - 2 potions of degeneration {unknown}
 p - 2 potions of resistance {unknown}
 t - a potion of invisibility {unknown}
 u - a potion of mutation {unknown}
Comestibles
 b - 3 rations
 B - a chunk of flesh


   Skills:
 + Level 5.2 Fighting
 + Level 6.8 Long Blades
 * Level 6.4 Dodging
 + Level 3.5 Stealth
 + Level 1.5 Invocations


You had 7 spell levels left.
You didn't know any spells.
Your spell library was empty.

Dungeon Overview and Level Annotations

Branches:
Dungeon (5/15)             Temple (1/1) D:4

Altars:
Ashenzari
Cheibriados
Elyvilon
Fedhas
Makhleb
Nemelex Xobeh
Okawaru
Qazlal
Ru
Sif Muna
Uskayaw
Vehumet
Zin
The Shining One

Annotations:
D:5 Duvessa


Innate Abilities, Weirdness & Mutations

You can breathe blasts of noxious fumes.
Your lurid green scales are hard. (AC +6)
You cannot fit into any form of body armour.
Your system is resistant to poisons. (rPois)
You are cold-blooded and may be slowed by cold attacks.


Message History

Duvessa is lightly wounded.
Duvessa barely misses you.
You hit Duvessa.
You tail-slap Duvessa, but do no damage.
Duvessa is lightly wounded.
Duvessa closely misses you.
You riposte.
You hit Duvessa but do no damage.
Duvessa is lightly wounded.
Duvessa hits you with a +0 short sword!
* * * LOW HITPOINT WARNING * * *
You hit Duvessa.
Duvessa is moderately wounded.
Duvessa hits you with a +0 short sword!
* * * LOW HITPOINT WARNING * * *
You hit Duvessa but do no damage.
You tail-slap Duvessa, but do no damage.
Duvessa is moderately wounded.
Duvessa closely misses you.
You riposte.
You hit Duvessa.
Duvessa is moderately wounded.
Duvessa hits you with a +0 short sword!
You die...

#.#......# #.####
#.#......####....#
#.#>.............###
#.#..................
#.#......##......####
###.#.####...#.#####
).....####...#..#
.............##.##
.....#####..)##..#
......# #...###.##
###...# #...# #@.#
....# #.####.e).#
.##### #.# #....# ..
#.# #....# # #.#
#..... #######. #.#
#####.# ........ ..
........ #.# ........
######## ....#


You could see Duvessa (berserk).

Vanquished Creatures
  Grinder (D:5)
  Prince Ribbit (D:5)
  Menkaure (D:5)
  A sky beast (D:3)
  An ice beast (D:5)
  An ogre (Temple)
  A centaur (D:5)
  Dowan (D:5)
  A bullfrog zombie (D:5)
  3 orc wizards
  A jelly (D:5)
  3 orc priests
  3 gnolls (D:2)
  7 adders
  A shadow imp (D:5)
  4 worms
  2 leopard geckos
  9 orcs
  4 giant cockroaches
  9 hobgoblins
  4 jackals
  3 quokkas
  2 ball pythons
  5 bats
  4 frilled lizards
  13 goblins
  3 kobolds
  4 rats
93 creatures vanquished.

Notes
Turn   | Place    | Note
-------+----------+-------------------------------------------
     0 | D:1      | bli the Draconian Monk began the quest for the Orb.
     0 | D:1      | Reached XP level 1. HP: 19/19 MP: 1/1
   227 | D:1      | Reached XP level 2. HP: 26/26 MP: 2/2
   892 | D:2      | Reached XP level 3. HP: 24/31 MP: 3/3
  1161 | D:2      | Reached XP level 4. HP: 19/39 MP: 4/4
  1937 | D:3      | Reached XP level 5. HP: 29/46 MP: 5/5
  2275 | D:3      | Noticed a sky beast
  2295 | D:3      | Killed a sky beast
  2768 | D:3      | Reached XP level 6. HP: 19/52 MP: 6/6
  3014 | D:4      | Found a staircase to the Ecumenical Temple.
  3053 | Temple   | Entered the Ecumenical Temple
  3318 | Temple   | Reached skill level 5 in Long Blades
  3320 | Temple   | Became a worshipper of Makhleb the Destroyer
  3320 | Temple   | Reached * piety under Makhleb
  3320 | Temple   | Reached ** piety under Makhleb
  3760 | Temple   | Reached skill level 5 in Dodging
  4369 | D:5      | Entered Level 5 of the Dungeon
  4369 | D:5      | Noticed an ice beast
  4385 | D:5      | Killed an ice beast
  4385 | D:5      | Your scales start taking on a lurid green colour.
  4385 | D:5      | Reached XP level 7. HP: 14/59 MP: 7/7
  4385 | D:5      | Gained mutation: Your system is resistant to poisons.
                  | (rPois) [Green Draconian growth]
  4797 | D:5      | Noticed Prince Ribbit
  4816 | D:5      | Killed Prince Ribbit
  5105 | D:5      | Noticed Grinder
  5129 | D:5      | Killed Grinder
  5129 | D:5      | Reached XP level 8. HP: 26/67 MP: 8/8
  5136 | D:5      | Noticed Menkaure
  5336 | D:5      | Reached skill level 5 in Fighting
  5347 | D:5      | Killed Menkaure
  5347 | D:5      | Reached skill level 1 in Invocations
  5682 | D:5      | Noticed Duvessa
  5682 | D:5      | Noticed Dowan
  5695 | D:5      | Killed Dowan
  5699 | D:5      | HP: 3/68 [Duvessa/+0 short sword (11)]
  5700 | D:5      | Mangled by Duvessa

Levels and vault maps discovered:
D:1:      eino_arrival_cavern_b, layout_loops_ring
D:2:      layout_loops_ring
D:3:      layout_loops_ring, first_ration, minmay_misc_feat_encased,
          minmay_misc_feat_plants
D:4:      layout_rooms, nicolae_overflow_hidden_temple,
          minmay_temple_entry_crystal_x, nrook_campfire
D:5:      layout_basic, uniq_menkaure, uniq_duvessa, uniq_prince_ribbit1,
          uniq_grinder
Temple:   minmay_temple_curvy_branch

Skill      XL: |  1  2  3  4  5  6  7  8 |
---------------+-------------------------+-----
Dodging        | 3 4 5 6 |  6.4
Stealth        | 2 3 |  3.5
Long Blades    | 4 5 6 |  6.8
Fighting       | 4 5 |  5.2
Invocations    | 1 |  1.5

Action                   |  1- 3 |  4- 6 |  7- 9 || total
-------------------------+-------+-------+-------++-------
Melee: Falchion          |   130 |   243 |    85 ||   458
       Tailslap          |    16 |    51 |    25 ||    92
Throw: Stone             |       |       |     1 ||     1
Invok: Minor Destruction |       |       |     8 ||     8
 Abil: Breathe Noxious F |       |       |     1 ||     1
  Use: Scroll            |     4 |       |       ||     4
       Potion            |       |     1 |       ||     1
 Stab: Sleeping          |     9 |     4 |       ||    13
       Confused          |       |       |     1 ||     1
  Eat: Chunk             |     1 |     8 |       ||     9
       Ration            |       |     1 |     1 ||     2
Armor: Skin              |    30 |    64 |     6 ||   100
Dodge: Dodged            |    81 |   165 |    48 ||   294
       Rpst.: Falchion   |    20 |    48 |    20 ||    88
